 Dungeon Sprint DCSS version 0.28.0-43-g3370ac3207 (webtiles) character file.

Game seed: 1871734511246416782

900000 smarlow the Sorcerer (level 14, -7/110 HPs)
             Began as a Djinni Warper on Mar 9, 2022.
             Was an Initiate of Makhleb.
             Mangled by a bag of meat
             ... wielding a +9 war axe
              (44 damage)
             ... in the Dungeon (Sprint VIII: "Arena of Blood").
             The game lasted 00:00:27 (9 turns).

smarlow the Sorcerer (Djinni Warper)                   Turns: 9, Time: 00:00:28

Health: -7/110     AC:  3    Str: 10    XL:     14   Next: 11%
Gold:   0          EV: 20    Int: 15    God:    Makhleb [......] SH:  0 Dex: 18

rFire   + + .      SeeInvis .   i - +∞ Axe of Woe
rCold   x . .      Faith    .   (shield currently unavailable)
rNeg    . . .      Spirit   .   b - +0 leather armour
rPois   ∞          Reflect  .   (no helmet)
rElec   .          Harm     .   (no cloak)
rCorr   .          Rampage  .   (no gloves)
Will    +....      NoTele   +   (boots unavailable)
Stlth   +.........              (no amulet)
HPRegen 0.28/turn               (no ring)
MPRegen 0.00/turn               (no ring)

@: flying, hasted, very quick
A: sickness immunity, fire resistance 2, cold vulnerability 1, float, innate
caster, HP casting, extra vitality 1
a: Renounce Religion


You were in the Dungeon.
You worshipped Makhleb.
Makhleb was noncommittal.
You visited 1 branch

Inventory:

Hand Weapons
 a - a +0 hand axe
 i - the +∞ Axe of Woe (weapon)
   (You found it in the Dungeon)
Missiles
 d - 5 boomerangs of dispersal (quivered)
Armour
 b - a +0 leather armour (worn)
Scrolls
 c - 2 scrolls of blinking
Potions
 e - a potion of curing
 f - a potion of heal wounds
 h - a potion of berserk rage


   Skills:
 + Level 13.1 Fighting
 + Level 12.4 Axes
 + Level 4.4 Throwing
 + Level 3.7 Armour
 + Level 13.7 Dodging
 + Level 21.6 Spellcasting


You had 22 spell levels left.
You knew the following spells:

 Your Spells              Type           Power      Damage    Failure   Level
a - Blink                 Tloc           100%       N/A       0%          2
b - Lesser Beckoning      Tloc           69%        N/A       0%          3
c - Gell's Gravitas       Tloc           69%        N/A       0%          3
d - Teleport Other        Tloc           69%        N/A       0%          3
e - Manifold Assault      Tloc           69%        N/A       0%          5
f - Animate Skeleton      Necr           100%       N/A       0%          1
g - Static Discharge      Conj/Air       69%        N/A       0%          2
h - Vampiric Draining     Necr           69%        2d10      0%          3
i - Confusing Touch       Hex            69%        N/A       0%          3
j - Olgreb's Toxic Radia  Pois           69%        N/A       0%          4
k - Alistair's Intoxicat  Tmut/Pois      46%        N/A       0%          5
Your spell library was empty.

Dungeon Overview and Level Annotations

Branches:
Dungeon (1/1)

Altars:
Makhleb


Innate Abilities, Weirdness & Mutations

You are immune to sickness and miasma.
You are immune to poison.
Your flesh is very heat resistant. (rF++)
You are vulnerable to cold. (rC-)
You float through the air rather than walking.
You learn spells naturally, not from books.
Your magical power is your life essence.
You have superior vitality. (+4 MHP)


Message History

You kill the meat berserker!
You hear a shout! x9
Your Fighting skill gained 2 levels and is now at level 12!
Your Axes skill gained 2 levels and is now at level 11!
Your Throwing skill increases to level 4!
Your Dodging skill gained 2 levels and is now at level 13!
Your Spellcasting skill gained 2 levels and is now at level 20!
You have reached level 13!
The power to cast Alistair's Intoxication wells up from within.
Spell assigned to 'k'.
Unknown command.
Press < or > to pray at altars.
You hover solemnly before the altar of Makhleb.
Makhleb welcomes you!
You hear a shout! x5 2 bags of meat come into view.
The bag of meat shouts! x2; You hear a shout! x7
The bag of meat moves out of view. 2 bags of meat come into view.
The meat berserker appears out of thin air!
A meat berserker comes into view. It is wielding a +9 battleaxe.
The bag of meat shouts! x2; You hear a shout! x9
The bag of meat shouts!
You slash the bag of meat!
You pulverise the bag of meat into a thin bloody mist.
You kill the bag of meat!
Makhleb accepts your kill.
You hear a shout! x2
A bag of meat comes into view. It is wielding a +9 war axe.
You hear a shout! x5
Your Fighting skill increases to level 13!
Your Axes skill increases to level 12!
Your Spellcasting skill increases to level 21!
You have reached level 14!
You feel yourself speed up.
You hear a shout! x8
A meat berserker comes into view. It is wielding a +9 battleaxe.
You hear a shout!
The bag of meat hits you with a +9 war axe!!!
You die...

............
o..........
...........
..........
#o...o..#
#..o....#
O..###..o....###.
.....oO@###......
#........_)......
.....o#.....#....
......#_.<)_# .
..... #.....#
#........_.....
........###......
...###... ..###.
#.. ..#


You could see 2 meat berserkers and 7 bags of meat.

Vanquished Creatures
  2 ogres (D)
  An orc (D)
3 creatures vanquished.

Notes
Turn   | Place    | Note
-------+----------+-------------------------------------------
     0 | D        | Found the +∞ Axe of Woe
     0 | D        | smarlow the Djinni Warper began the quest for the Orb.
     0 | D        | Reached XP level 1. HP: 18/18 MP: 0/0
     0 | D        | Noticed a meat berserker
     1 | D        | Killed a meat berserker
     1 | D        | Noticed a meat berserker
     1 | D        | Noticed a bag of meat
     1 | D        | Noticed a bag of meat
     1 | D        | Noticed a bag of meat
     2 | D        | Reached skill level 10 in Fighting
     2 | D        | Reached skill level 18 in Spellcasting
     2 | D        | Reached XP level 2. HP: 36/36 MP: 0/0
     2 | D        | Reached XP level 3. HP: 41/41 MP: 0/0
     2 | D        | Learned a level 1 spell: Animate Skeleton
     2 | D        | Reached XP level 4. HP: 47/47 MP: 0/0
     2 | D        | Reached XP level 5. HP: 52/52 MP: 0/0
     2 | D        | Learned a level 2 spell: Static Discharge
     2 | D        | Reached XP level 6. HP: 58/58 MP: 0/0
     2 | D        | Reached XP level 7. HP: 64/64 MP: 0/0
     2 | D        | Learned a level 3 spell: Vampiric Draining
     2 | D        | Reached XP level 8. HP: 69/69 MP: 0/0
     2 | D        | Reached XP level 9. HP: 75/75 MP: 0/0
     2 | D        | Learned a level 3 spell: Confusing Touch
     2 | D        | Reached XP level 10. HP: 81/81 MP: 0/0
     2 | D        | Reached XP level 11. HP: 86/86 MP: 0/0
     2 | D        | Learned a level 4 spell: Olgreb's Toxic Radiance
     2 | D        | Reached XP level 12. HP: 92/92 MP: 0/0
     2 | D        | Noticed a bag of meat
     4 | D        | Killed a meat berserker
     5 | D        | Reached skill level 20 in Spellcasting
     5 | D        | Reached XP level 13. HP: 33/102 MP: 0/0
     5 | D        | Learned a level 5 spell: Alistair's Intoxication
     5 | D        | Became a worshipper of Makhleb the Destroyer
     6 | D        | Noticed a bag of meat
     6 | D        | Noticed a bag of meat
     7 | D        | Noticed a bag of meat
     7 | D        | Noticed a bag of meat
     8 | D        | Noticed a meat berserker
     8 | D        | Killed a bag of meat
     8 | D        | Noticed a bag of meat
     9 | D        | Reached skill level 21 in Spellcasting
     9 | D        | Reached XP level 14. HP: 37/110 MP: 0/0
     9 | D        | Noticed a meat berserker
     9 | D        | Mangled by a bag of meat

Illustrated notes

Levels and vault maps discovered:
D:        meatsprint

Skill      XL: |  1  2  3  4  5  6  7  8  9 10 11 12 13 |
---------------+----------------------------------------+-----
Fighting       | 10 12 13 | 13.1
Axes           | 9 11 12 | 12.4
Throwing       | 3 4 |  4.4
Armour         | 3 |  3.7
Dodging        | 11 13 | 13.7
Spellcasting   | 18 20 21 | 21.6

Action                   |  1- 3 |  4- 6 |  7- 9 | 10-12 | 13-15 || total
-------------------------+-------+-------+-------+-------+-------++-------
Melee: Executioner's axe |     1 |       |       |     1 |     1 ||     3
  Use: Potion            |       |       |       |       |     1 ||     1
